 Dungeon Crawl Stone Soup version 0.28-a0-821-g923ab73998 (webtiles) character file.

Game seed: 5706759058634639217

27 Avanven the Scratcher (level 2, -1/12 HPs)
             Began as a Felid Transmuter on Nov 9, 2021.
             Slain by a worm (9 damage)
             ... on level 2 of the Dungeon.
             The game lasted 00:01:24 (1377 turns).

Avanven the Scratcher (Felid Transmuter)            Turns: 1377, Time: 00:01:25

Health: -1/12      AC:  1    Str:  6    XL:     2   Next: 93%
Magic:  6/6        EV: 18    Int: 14    God:
Gold:   48         SH:  0    Dex: 16    Spells: 4/5 levels left
                                        Lives:  0   Deaths: 0

rFire   . . .      SeeInvis +     - Unarmed
rCold   . . .      Faith    .   (shield unavailable)
rNeg    . . .      Spirit   .   (armour unavailable)
rPois   .          Reflect  .   (helmet unavailable)
rElec   .          Harm     .   (cloak unavailable)
rCorr   .          Rampage  .   (gloves unavailable)
Will    .....                   (boots unavailable)
Stlth   +.........              (no amulet)
HPRegen 0.04/turn               (no ring)
MPRegen 0.10/turn               (no ring)

@: appendages (expiring), quick
A: horns 2, very small, claws 1, fangs 3, see invisible, speed 1, shaggy fur 1,
stealthy paws, no weapons or thrown items, no armour, multi-lived
a: End Transformation


You were on level 2 of the Dungeon.
You had temporarily grown beastly horns.
You visited 1 branch of the dungeon, and saw 2 of its levels.

You collected 48 gold pieces.

Inventory:

Scrolls
 a - a scroll of fear {unknown}
 b - 3 scrolls of identify {unknown}


   Skills:
 - Level 1.0 Fighting
 + Level 3.2 Dodging
 * Level 3.6 Unarmed Combat
 - Level 2.0 Spellcasting
 + Level 2.6 Transmutations


You had 4 spell levels left.
You knew the following spells:

 Your Spells              Type           Power      Damage    Failure   Level
a - Beastly Appendage     Tmut           16%        N/A       8%          1

Your spell library contained the following spells:

 Spells                   Type           Power      Damage    Failure   Level
 Wereblood                Tmut           8%         N/A       12%         2
 Sting                    Tmut/Pois      20%        1d4       14%         1
 Poisonous Vapours        Pois/Air       2%         N/A       34%         2
 Spider Form              Tmut/Pois      5%         N/A       38%         3
 Ice Form                 Ice/Tmut       5%         N/A       80%         4
 Olgreb's Toxic Radiance  Pois           1%         N/A       93%         4


Dungeon Overview and Level Annotations

Branches:
Dungeon (2/15)

Altars:


Innate Abilities, Weirdness & Mutations

You have temporarily grown beastly horns.
You have sharp claws.
You have razor-sharp teeth.
You have supernaturally acute eyesight. (SInv)
You cover ground quickly. (Speed+)
You are covered in fur. (AC +1)
Your paws help you pounce on unaware monsters.
You are incapable of wielding weapons or throwing items.
You cannot wear armour.
You gain extra lives every three experience levels.


Message History

Magic restored.
a - a scroll labelled KIXONO KAPOSOU
Found a whip.
Your horns disappear.
b - 3 scrolls labelled ENECWIU BOADIU An endoplasm comes into view.
Found a dented filigree amulet and 9 gold pieces.
The endoplasm quivers.
Casting: Beastly Appendage (safe; 8% risk of failure)
Confirm with . or Enter, or press ? or * to list all spells.
You grow a pair of large bovine horns.
Found a scroll labelled ENECWIU BOADIU.
The endoplasm barely misses you.
You scratch the endoplasm.
The endoplasm is heavily wounded.
The endoplasm closely misses you.
You scratch the endoplasm.
You headbutt the endoplasm, but do no damage.
The endoplasm is severely wounded.
The endoplasm closely misses you.
You scratch the endoplasm.
You kill the endoplasm!
Your transformation is almost over.
A bat comes into view.
You scratch the worm.
The worm is lightly wounded.
You scratch the worm but do no damage. You headbutt the worm.
The worm is lightly wounded.
The worm completely misses you. The bat completely misses you.
You scratch the worm. You bite the worm.
The worm is heavily wounded.
The bat closely misses you.
You scratch the worm but do no damage.
The worm is heavily wounded.
The worm bites you.
You claw the worm!
The worm is almost dead.
The bat barely misses you. The worm bites you!
Ouch! That really hurt!
You die...

..# #.......
....##......# .
............# .#
#...........# ##.#
#..........# ...
#.........##.#
.##.#.....##...####
.....$b......".....
.....#@.....##### .
......w.......### ..
...?..).........### ...
..................# #...
..................##....
..................#.....
....................#...
.................<......
...........#....###


You could see a worm and a bat.

Vanquished Creatures
  A dart slug (D:1)
  5 endoplasms
  2 giant cockroaches (D:1)
  A goblin (D:1)
  2 hobgoblins (D:1)
  A kobold (D:1)
  3 ball pythons (D:1)
  A bat (D:1)
  2 frilled lizards (D:1)
  6 rats
24 creatures vanquished.

Notes
Turn   | Place    | Note
-------+----------+-------------------------------------------
     0 | D:1      | Avanven the Felid Transmuter began the quest for the Orb.
     0 | D:1      | Reached XP level 1. HP: 9/9 MP: 4/4
   224 | D:1      | Reached XP level 2. HP: 9/12 MP: 4/6
  1377 | D:2      | Slain by a worm

Illustrated notes

Levels and vault maps discovered:
D:1:      minmay_arrival_jagged, layout_basic, minmay_misc_feat_doors,
          chequers_jeans
D:2:      layout_rooms, basic_altar

Skill      XL: |  1 |
---------------+----+-----
Dodging        | 3 |  3.2
Fighting       | |  1.0
Unarmed Combat | |  3.6
Spellcasting   | |  2.0
Transmutations | |  2.6

Action                   || total
-------------------------++-------
Melee: Unarmed           ||    55
       Bite              ||     6
       Headbutt          ||     9
       Punch             ||     1
 Cast: Beastly Appendage ||    18
 Stab: Sleeping          ||     2
Armor: Skin              ||     2
Dodge: Dodged            ||    29

Table legend: (Time is in decaauts)
 A = Elapsed time spent in this place.
 B = Non-inter-level travel time spent in this place.
 C = Inter-level travel time spent in this place.
 D = Time resting spent in this place.
 E = Time spent auto-exploring this place.
 F = Levels seen in this place.
 G = Mean time per level.
                   A        B        C        D        E       F      G
               +--------+--------+--------+--------+--------+-----+--------+
         Total |   1268 |   1235 |     33 |    153 |    933 |   2 |  634.0 |
       Dungeon |   1268 |   1235 |     33 |    153 |    933 |   2 |  634.0 |
               +--------+--------+--------+--------+--------+-----+--------+

Top non-repeatable levels by time:
     D:1: 1233 daAuts
     D:2: 34 daAuts
